AoeStats
← DKing

Arena

509485705Analyzed
4v4 RM · 5d ago on Sep 26, 2026· 17m 39s· 8 players
Game mode
Random Map
Map size
Large (8 player)
Population
200
Speed
Normal
Resources
Standard
Victory
Conquest
Starting age
Dark Age
Ending age
Imperial Age
RankedLock teamsTeams togetherTeam positionsShared explorationLock speedFull tech treeHidden civsTurbo modeCheats
Victory
Defeat
🇵🇹 Hindustanis · Portugal
1222
+19
🇨🇦 Gurjaras · Canada
1215
+19
🇩🇪 Vikings · Germany
1210
+19
🇹🇼 Varangians · Taiwan
1198
+20
🇮🇹 Goths · Italy
1323
-21
🇦🇷 Burgundians · Argentina
1297
-20
🇫🇷 Italians · France
1268
-19
🇲🇽 Saxons · Mexico
1235
-17
derquatze
15:38 Feudal Age
15:53 Man-at-Arms
16:21 Arson
17:56 Gold Mining
DKing
6:57 Loom
12:34 Feudal Age
13:53 Double-Bit Axe
14:17 Horse Collar
17:50 Wheelbarrow
17:31 Bloodlines
EigenVector
9:15 Feudal Age
13:56 Castle Age
taj
13:01 Feudal Age
17:01 Castle Age
15:43 Loom
17:47 Double-Bit Axe
17:44 Horse Collar
MLT | Bombad Gastald
[MIAAU] GM Panzer IV
olDirty
twitch.tv/megafussion
Connection lost

Rejoining the realm…

Still unreachable

The connection could not be restored.

Session expired

The server has moved on; the page needs a fresh start.